Map: Acid Plant LE

Players

GOStephano (Stephano) - Winner!

  • Race: Zerg Zerg
  • Spawn Location: 5:00

soul

  • Race: Terran Terran
  • Spawn Location: 11:00

Event: HomeStory Cup XVIII

VOD

Have the link to the VOD?

Description

Time

  • Played on: Nov. 23, 2018, 8:33 a.m.
  • Length: 11:11

All games in this series

Show
View Real Time Build Order
Export as new Build Order

GOStephano Zerg - Winner!

Build Orders: Hatch First 

Get SALT Encoding   

  12  0:00  Drone  
  13  0:13  Overlord  
  13  0:17  Drone  
  14  0:31  Drone x2  
  16  0:48  Hatchery  
  15  0:51  Drone  
  15  0:54  Drone  
  17  0:58  Drone  
  18  1:08  Extractor  
  17  1:14  Spawning Pool  
  17  1:17  Drone  
  17  1:20  Drone  
  18  1:28  Drone  
  19  1:51  Overlord  
  19  2:01  Queen, Zergling x4  
  21  2:03  Queen  
  25  2:09  Zergling x2  
  25  2:14  Zergling x2  
  27  2:17  Zergling x2  
  28  2:23  Zergling x4  
  29  2:34  Zergling x4  
  29  2:50  Overlord  
  28  3:06  Overlord  
  28  3:08  Queen  
  28  3:09  Drone x3  
  33  3:13  Drone  
  33  3:17  Drone  
  35  3:21  Drone  
  36  3:27  Drone x2  
  36  3:32  Overlord  
  38  3:34  Drone x2  
  40  3:44  Drone x2  
  42  3:53  Drone x2  
  44  3:57  Drone x3  
  44  3:58  Metabolic Boost  
  47  4:08  Hatchery  
  46  4:11  Drone  
  46  4:15  Drone  
  48  4:17  Queen  
  48  4:22  Overlord  
  50  4:27  Queen  
  52  4:31  Overlord  
  52  4:37  Overlord  
  52  4:42  Drone x5  
  57  4:48  Drone x2  
  58  4:58  Evolution Chamber, Spore Crawler  
  58  4:59  Evolution Chamber  
  55  5:00  Queen  
  55  5:03  Zergling x6  
  55  5:06  Drone, Spore Crawler  
  60  5:08  Drone  
  60  5:12  Drone  
  60  5:13  Drone  
  63  5:16  Overlord  
  63  5:20  Drone x2  
  65  5:26  Drone x4  
  69  5:29  Zerg Ground Armor Level 1  
  69  5:33  Drone x3  
  72  5:37  Drone x2  
  72  5:39  Spore Crawler  
  72  5:42  Zerg Melee Weapons Level 1  
  73  5:53  Drone x2  
  75  5:57  Extractor  
  75  5:58  Extractor, Drone x3  
  75  5:59  Extractor, Baneling Nest  
  75  6:00  Drone x2  
  76  6:08  Drone  
  77  6:14  Zergling x2  
  77  6:15  Zergling x6  
  77  6:16  Hatchery  
  80  6:22  Zergling x2  
  80  6:26  Hatchery  
  80  6:30  Overlord  
  77  6:33  Lair  
  77  6:38  Zergling x2  
  77  6:39  Zergling x8  
  82  6:40  Overlord  
  82  6:48  Overlord  
  82  6:51  Baneling x8  
  82  6:52  Zergling x14  
  89  6:56  Overlord  
  89  6:59  Baneling x3  
  89  7:01  Zergling x4  
  89  7:06  Zergling x2  
  92  7:13  Zergling x14  
  99  7:18  Zergling x8  
  103  7:25  Zergling x2  
  103  7:26  Zergling x2  
  105  7:31  Centrifical Hooks  
  105  7:32  Zerg Ground Armor Level 2  
  105  7:34  Zergling x8  
  109  7:40  Zergling x10  
  109  7:41  Zergling x8  
  114  7:49  Zerg Melee Weapons Level 2  
  106  7:52  Zergling x16  
  112  8:03  Zergling x8  
  112  8:08  Drone x7  
  112  8:12  Infestation Pit  
  118  8:19  Zergling x16  
  126  8:25  Overlord x2  
  126  8:28  Zergling x2, Spawning Pool  
  126  8:30  Overlord  
  126  8:37  Overlord  
  126  8:42  Overlord  
  126  8:46  Overlord  
  126  8:53  Overlord x3  
  125  8:56  Drone x10  
  125  9:01  Baneling x13  
  131  9:17  Zergling x12  
  131  9:18  Zergling x10  
  131  9:23  Infestation Pit  
  141  9:24  Zergling x6  
  141  9:30  Zergling x18  
  147  9:45  Zergling x14  
  146  9:50  Queen  
  146  9:57  Hatchery, Zergling x22  
  156  10:03  Hatchery  
  156  10:07  Zergling x14  
  156  10:13  Baneling x5  
  162  10:14  Drone x3  
  162  10:16  Extractor  
  162  10:17  Extractor, Drone x2  
  165  10:28  Zergling x2  
  165  10:29  Zergling x22  
  176  10:43  Zergling x12  
  164  10:53  Zergling x14  
  164  10:54  Zergling x8  
Show
View Real Time Build Order
Export as new Build Order

soul Terran 

Build Orders:  

Get SALT Encoding   

  12  0:00  SCV  
  13  0:15  Supply Depot  
  13  0:17  SCV  
  14  0:29  SCV  
  15  0:38  Barracks  
  15  0:55  SCV  
  15  0:56  Barracks  
  16  1:03  Refinery  
  16  1:07  SCV  
  17  1:25  Marine  
  18  1:27  Orbital Command  
  18  1:35  Bunker  
  18  1:43  Marine x2  
  20  1:56  Bunker  
  20  2:00  Marine  
  20  2:01  Marine, SCV  
  23  2:11  Supply Depot  
  23  2:17  Bunker  
  23  2:32  Marine x2  
  23  2:33  SCV  
  23  2:46  Factory  
  23  2:47  SCV  
  25  2:56  Supply Depot  
  21  2:59  SCV  
  19  3:08  Command Center  
  19  3:11  SCV  
  20  3:23  SCV  
  21  3:29  Factory Reactor  
  21  3:30  Starport  
  21  3:35  SCV  
  21  3:36  Refinery  
  22  3:44  Supply Depot  
  22  3:47  SCV  
  23  3:59  SCV  
  24  4:06  Hellion x2, Medivac  
  30  4:11  SCV  
  30  4:12  Barracks Tech Lab  
  30  4:15  Barracks Reactor  
  31  4:21  Orbital Command  
  31  4:25  SCV  
  31  4:30  Hellion  
  34  4:35  Hellion  
  34  4:38  SCV  
  37  4:41  Orbital Command  
  37  4:44  Stimpack  
  37  4:50  SCV  
  38  4:54  Marine x3  
  41  5:03  SCV  
  42  5:07  SCV  
  42  5:08  Factory Tech Lab  
  42  5:12  Marine  
  42  5:13  Medivac x2  
  48  5:14  Marine  
  48  5:15  SCV  
  48  5:19  SCV  
  48  5:20  Marine  
  52  5:26  Supply Depot  
  52  5:27  SCV  
  53  5:31  SCV  
  53  5:34  Marine x2  
  56  5:39  Marine, SCV  
  56  5:42  Siege Tank  
  61  5:44  SCV  
  61  5:48  Supply Depot  
  62  5:51  SCV  
  62  5:52  Marine  
  62  5:54  Marine  
  65  5:57  Marine, SCV  
  65  6:03  SCV  
  68  6:09  SCV  
  68  6:10  Marine  
  70  6:12  Supply Depot, Marine, Medivac  
  70  6:14  Siege Tank  
  70  6:15  Marine  
  77  6:20  SCV  
  76  6:27  Marine  
  76  6:28  SCV  
  76  6:29  Marine  
  76  6:31  Command Center  
  71  6:33  Marine  
  71  6:39  Engineering Bay, SCV  
  73  6:40  SCV  
  73  6:41  Engineering Bay  
  73  6:45  Marine  
  75  6:47  Marine  
  75  6:50  Refinery x2  
  75  6:51  Marine, SCV  
  75  6:53  Supply Depot, SCV  
  79  7:03  Marine  
  79  7:04  Siege Tank  
  79  7:05  SCV  
  79  7:07  Combat Shield  
  84  7:12  SCV  
  84  7:14  Marine  
  86  7:16  Supply Depot  
  86  7:17  SCV  
  87  7:23  Barracks  
  87  7:24  Marine, SCV  
  87  7:26  Marine  
  87  7:29  SCV  
  91  7:30  Medivac  
  91  7:33  Terran Infantry Armor Level 1  
  91  7:35  Marine  
  94  7:37  Siege Tank  
  94  7:38  SCV  
  94  7:41  Marine  
  94  7:46  SCV  
  94  7:49  Marine  
  85  7:55  Orbital Command  
  85  7:56  SCV  
  78  8:01  SCV  
  78  8:03  Supply Depot  
  74  8:10  Marine  
  75  8:13  Terran Infantry Weapons Level 1  
  75  8:15  SCV x2  
  75  8:19  Marine x2  
  81  8:27  SCV x2  
  81  8:28  Marine  
  81  8:32  Orbital Command  
  79  8:36  Marine  
  79  8:37  Armory, Marine  
  79  8:39  Siege Tank, SCV  
  85  8:42  Supply Depot  
  85  8:43  SCV  
  85  8:46  Marine  
  87  8:51  SCV  
  87  8:54  Marine  
  87  8:55  SCV  
  90  8:58  SCV  
  91  9:03  SCV  
  91  9:07  SCV  
  93  9:11  Siege Tank  
  93  9:12  Marine x3  
  93  9:15  SCV x2  
  99  9:19  SCV  
  99  9:21  Medivac  
  102  9:27  SCV x2  
  102  9:28  Barracks Reactor  
  102  9:30  Marine  
  102  9:31  SCV  
  102  9:34  Barracks  
  102  9:36  Barracks  
  94  9:39  SCV x2  
  94  9:43  SCV  
  94  9:47  Marine x3  
  94  9:51  SCV x2  
  99  9:55  SCV  
  100  10:00  Siege Tank  
  100  10:03  SCV x2  
  100  10:05  Marine x2  
  107  10:07  SCV  
  107  10:12  Supply Depot  
  107  10:14  Supply Depot  
  108  10:15  SCV  
  108  10:16  SCV  
  108  10:20  Marine x3  
  113  10:23  Marine, SCV  
  113  10:28  SCV  
  116  10:32  Marine x3  
  118  10:35  SCV  
  118  10:38  Marine  
  118  10:39  Marine x2, Siege Tank  
  118  10:41  Marine  
  108  10:53  Marine x3  
Tags
 
Add a new tag
Caveats
  • Supply blocks, unpowered buildings, or Contaminate may cause inaccurate times.
  • Supply counts are checked every 10 seconds.